AoeStats
← Canek

Nomad

510035192Analyzed
4v4 RM · 3d ago on Sep 29, 2026· 43m 11s· 8 players
Game mode
Random Map
Map size
231×231
Population
200
Speed
Normal
Resources
Standard
Victory
Conquest
Starting age
Dark Age
Ending age
Imperial Age
RankedLock teamsTeams togetherTeam positionsShared explorationLock speedFull tech treeHidden civsTurbo modeCheats
Victory
Defeat
🇲🇽 Vikings · Mexico
1173
+13
🇲🇽 Byzantines · Mexico
1159
+13
🇺🇸 Slavs · United States
1146
+14
🇹🇼 Franks · Taiwan
1037
+19
🇺🇸 Dravidians · United States
1134
-16
🇦🇺 Romans · Australia
1127
-16
🇳🇿 Chinese · New Zealand
1089
-14
🇨🇳 Vietnamese · China
1056
-13
Killed by Tony
17:29 Feudal Age
22:58 Castle Age
37:46 Fletching
NeededUsername
3:17 Loom
14:51 Feudal Age
15:41 Double-Bit Axe
20:02 Castle Age
19:50 Gold Mining
19:52 Stone Mining
21:35 Wheelbarrow
21:36 Bow Saw
21:11 Horse Collar
27:00 Heavy Plow
26:54 Fletching
30:23 Bodkin Arrow
31:45 Gold Shaft Mining
31:19 Padded Archer Armor
32:08 Ballistics
34:09 Masonry
34:42 Leather Archer Armor
34:55 Hand Cart
40:01 Imperial Age
39:59 Scale Barding Armor
40:11 Capped Ram
41:28 Bracer
41:58 Ring Archer Armor
41:10 Elite Chu Ko Nu
43:54 Chemistry
佛山大维哥
3:53 Loom
18:07 Feudal Age
19:56 Double-Bit Axe
25:55 Castle Age
28:48 Town Watch
29:40 Wheelbarrow
31:37 Hand Cart
31:44 Scale Barding Armor
31:50 Forging
32:48 Bow Saw
34:13 Husbandry
34:24 Bloodlines
33:36 Light Cavalry
36:24 Chain Barding Armor
36:39 Iron Casting
fatmuddybear
13:29 Feudal Age
15:26 Town Watch
18:06 Castle Age
15:56 Fishing Lines
16:19 Double-Bit Axe
17:16 Gold Mining
22:34 Imperial Age
21:08 Wheelbarrow
22:24 Town Patrol
22:10 Loom
23:15 Bow Saw
23:04 Stone Mining
23:17 Gillnets
25:31 Hand Cart
26:06 Fletching
26:17 Padded Archer Armor
28:47 Horse Collar
31:04 Bodkin Arrow
31:10 Padded Archer Armor
33:44 Two-Man Saw
34:53 Heavy Plow
34:59 Bracer
35:15 Leather Archer Armor
35:29 Elite Elephant Archer
36:15 Thumb Ring
37:49 Chemistry
37:11 Ballistics
38:02 Ring Archer Armor
TomahawkAssassN
4:00 Loom
15:19 Feudal Age
17:45 Fletching
17:58 Padded Archer Armor
19:53 Double-Bit Axe
19:50 Horse Collar
24:08 Castle Age
26:26 Bodkin Arrow
26:47 Leather Archer Armor
25:58 Crossbowman
27:38 Heavy Plow
28:24 Bow Saw
29:39 Ballistics
31:08 Forging
31:05 Scale Barding Armor
32:48 Iron Casting
32:18 Husbandry
32:28 Bloodlines
33:18 Chain Barding Armor
33:04 Stone Mining
45:36 Imperial Age
43:13 Detinets
rms_0489
9:56 Loom
13:05 Feudal Age
20:12 Double-Bit Axe
24:17 Castle Age
23:19 Fletching
23:59 Padded Archer Armor
24:54 Gold Mining
25:20 Bodkin Arrow
25:17 Horse Collar
26:48 Ballistics
27:30 Bow Saw
27:43 Town Watch
28:28 Leather Archer Armor
28:48 Stone Mining
30:55 Town Patrol
32:31 Gold Shaft Mining
36:49 Imperial Age
34:46 Scale Mail Armor
34:56 Forging
37:21 Iron Casting
37:01 Chain Mail Armor
38:40 Chemistry
39:19 Bracer
40:12 Conscription
43:17 Plate Mail Armor
42:39 Heavy Scorpion
Canek
7:54 Loom
15:44 Feudal Age
18:28 Double-Bit Axe
20:49 Stone Mining
22:37 Fletching
24:36 Gold Mining
27:22 Castle Age
25:09 Horse Collar
27:01 Scale Mail Armor
28:25 Forging
29:21 Pikeman
35:29 Imperial Age
34:03 Scale Barding Armor
34:14 Heavy Plow
34:53 Stone Shaft Mining
35:27 Chain Barding Armor
36:06 Squires
35:52 Arson
37:31 Conscription
38:14 Bow Saw
38:08 Padded Archer Armor
41:01 Greek Fire
42:41 Plate Barding Armor
43:47 Fervor
MaxC
5:29 Loom
15:40 Feudal Age
16:27 Double-Bit Axe
17:40 Gold Mining
22:00 Castle Age
20:45 Stone Mining
21:24 Scale Barding Armor
22:59 Husbandry
23:16 Bow Saw
23:48 Forging
24:40 Gold Shaft Mining
25:57 Wheelbarrow
27:11 Medium Warships
29:01 Fishing Lines
29:39 Hand Cart
32:32 Chain Barding Armor
32:47 Iron Casting
37:01 Imperial Age
34:51 Ordonnance Companies
38:29 Conscription
37:53 Cavalier
41:05 Plate Barding Armor
42:04 Blast Furnace
Connection lost

Rejoining the realm…

Still unreachable

The connection could not be restored.

Session expired

The server has moved on; the page needs a fresh start.